 Seeded DCSS version 0.27.1 (webtiles) character file.

Game seed: 16843347396602353568 (custom seed)

119 voltaire321 the Poker (level 5, -3/41 HPs)
             Began as a Merfolk Gladiator on Aug 24, 2021.
             Slain by a water moccasin (4 damage)
             ... in a sewer.
             The game lasted 00:06:51 (2187 turns).

voltaire321 the Poker (Merfolk Gladiator)           Turns: 2187, Time: 00:06:51

Health: -3/41      AC:  6    Str: 15    XL:     5   Next: 3%
Magic:  5/5        EV: 14    Int:  7    God:
Gold:   57         SH:  0    Dex: 16    Spells: 4/4 levels left

rFire    . . .     SeeInvis .   a - +0 trident
rCold    . . .     Faith    .   (no shield)
rNeg     . . .     Spirit   .   b - +0 leather armour
rPois    .         Reflect  .   c - +1 helmet
rElec    .         Harm     .   (no cloak)
rCorr    .         Rampage  .   (no gloves)
Will     .....                  j - +0 pair of boots
Stlth    +.........             e - amulet of the acrobat
HPRegen  0.13/turn              (no ring)
MPRegen  0.09/turn              (no ring)

@: lethally poisoned (-3 -> -8), attractive
A: (nimble swimmer 2), mertail
a: no special abilities


You were in a sewer.
You visited 1 branch of the dungeon, and saw 3 of its levels.
You also visited: Sewer.

You collected 57 gold pieces.

Inventory:

Hand Weapons
 a - a +0 trident (weapon)
Missiles
 d - 3 throwing nets (quivered)
Armour
 b - a +0 leather armour (worn)
 c - a +1 helmet (worn)
 j - a +0 pair of boots (worn)
Jewellery
 e - an amulet of the acrobat (around neck)
 k - an amulet of regeneration
Scrolls
 g - a scroll of enchant armour
 i - 3 scrolls of acquirement {unknown}
 l - a scroll of enchant weapon {unknown}
Potions
 f - a potion of attraction
 h - a potion of curing


   Skills:
 + Level 3.3 Fighting
 + Level 5.5 Polearms
 + Level 3.0 Throwing
 + Level 5.0 Dodging


You had 4 spell levels left.
You didn't know any spells.
Your spell library contained the following spells:

 Spells                   Type           Power      Damage    Failure   Level
 Shock                    Conj/Air       0%         1d3       50%         1
 Summon Small Mammal      Summ           0%         N/A       50%         1
 Call Canine Familiar     Summ           0%         N/A       86%         3
 Summon Guardian Golem    Hex/Summ       0%         N/A       86%         3
 Swiftness                Air            0%         N/A       86%         3
 Tukima's Dance           Hex            0%         N/A       86%         3
 Airstrike                Air            0%         N/A       99%         4
 Passage of Golubria      Tloc           N/A        N/A       99%         4
 Yara's Violent Unravell  Hex/Tmut       0%         3d3       100%        5


Dungeon Overview and Level Annotations

Branches:
Dungeon (3/15)              Sewer (1/1)

Altars:


Innate Abilities, Weirdness & Mutations

((You are quick and stealthy near water. (Stealth+, EV+, Speed+++)))
Your lower body shifts to a powerful aquatic tail in water.


Message History

You miss the water moccasin.
The water moccasin is lightly wounded.
The water moccasin bites you!
You are poisoned.
The water moccasin poisons you! The water moccasin barely misses you.
You hit the water moccasin.
The water moccasin is moderately wounded.
You feel very sick. The water moccasin bites you.
* * * LOW HITPOINT WARNING * * *
It was a potion of attraction.
You feel attractive to monsters.
You feel sick.
The water moccasin bites you but does no damage.
It was a potion of curing.
You feel better.
The water moccasin bites you but does no damage.
The water moccasin bites you.
You are lethally poisoned!
The water moccasin poisons you!
You closely miss the water moccasin.
The water moccasin is moderately wounded.
* * * LOW HITPOINT WARNING * * *
You feel very sick. The water moccasin bites you.
* * * LOW HITPOINT WARNING * * *
You miss the water moccasin.
The water moccasin is moderately wounded.
* * * LOW HITPOINT WARNING * * *
You feel very sick.
The water moccasin bites you but does no damage.
The water moccasin closely misses you.
You barely miss the water moccasin.
The water moccasin is moderately wounded.
* * * LOW HITPOINT WARNING * * *
You feel sick. The water moccasin barely misses you.
You barely miss the water moccasin.
The water moccasin is moderately wounded.
* * * LOW HITPOINT WARNING * * *
You feel sick. The water moccasin bites you.
You die...

#..$($..#
#.......#
#.......# .......
..... ... #S#
####### #@#
##.....## #.#
##...≈†..#
#.#######...≈≈≈...
#..........≈≈≈†≈.∩
#.#######...≈≈≈...
#.# ##...≈...# #.#
##.....## #.#
####### #.#


You could see a water moccasin.

Vanquished Creatures
  3 gnolls (D:2)
  2 adders (D:2)
  2 river rats (D:3)
  2 dart slugs
  6 ball pythons
  10 bats
  4 endoplasms
  4 giant cockroaches
  5 goblins
  3 hobgoblins
  3 frilled lizards
  4 kobolds
  4 rats
52 creatures vanquished.

Notes
Turn   | Place    | Note
-------+----------+-------------------------------------------
     0 | D:1      | voltaire321 the Merfolk Gladiator began the quest for the
                  | Orb.
     0 | D:1      | Reached XP level 1. HP: 16/16 MP: 1/1
    94 | D:1      | Reached XP level 2. HP: 19/23 MP: 2/2
   377 | D:1      | Found a faded altar of an unknown god.
   568 | D:2      | Reached XP level 3. HP: 27/28 MP: 3/3
   871 | D:2      | Reached skill level 5 in Polearms
  1325 | D:2      | Reached XP level 4. HP: 32/34 MP: 4/4
  1952 | D:3      | Found a glowing drain.
  1991 | D:3      | Reached skill level 5 in Dodging
  1996 | Sewer    | Entered a sewer
  2004 | Sewer    | Reached XP level 5. HP: 22/41 MP: 5/5
  2167 | Sewer    | Noticed a water moccasin
  2186 | Sewer    | HP: 2/41 [poisoned by a water moccasin]
  2187 | Sewer    | Slain by a water moccasin

Illustrated notes

Levels and vault maps discovered:
D:1:      wander_arrival_desolate, layout_rooms,
          hellmonk_ecumenical_altar_leap_of_faith,
          chequers_serial_rivers_micro_d
D:2:      layout_loops_corners
D:3:      layout_basic, portal_sewer_entry_a
Sewer:    sewer_big_baddie

Skill      XL: |  1  2  3  4 |
---------------+-------------+-----
Polearms       | 5 |  5.5
Fighting       | 3 |  3.3
Dodging        | 5 |  5.0
Throwing       | 3 |  3.0

Action                   |  1- 3 |  4- 6 || total
-------------------------+-------+-------++-------
Melee: Trident           |   105 |    73 ||   178
  Use: Scroll            |       |     2 ||     2
       Potion            |       |     2 ||     2
 Stab: Sleeping          |     3 |     1 ||     4
Armor: Leather armour    |    16 |    23 ||    39
Dodge: Dodged            |    47 |    59 ||   106
